Map: [ESL] Inside and Out

Players

Astrea

  • Race: Protoss Protoss
  • League: Master
  • Spawn Location: 7:00

ByuN - Winner!

  • Race: Terran Terran
  • Spawn Location: 1:00

Event: HomeStory Cup XXII

VOD

Have the link to the VOD?

Description

Time

  • Played on: Dec. 18, 2022, 7:26 a.m.
  • Length: 16:58

All games in this series

Show
View Real Time Build Order
Export as new Build Order

Astrea Protoss 

Build Orders: 1 Gate Expand, Blink Stalkers, Colossus Rush 

Get SALT Encoding   

  12  0:00  Probe  
  13  0:12  Probe  
  14  0:17  Pylon  
  14  0:24  Probe (Chrono Boost)  
  16  0:36  Gateway, Probe (Chrono Boost)  
  16  0:42  Probe (Chrono Boost)  
  16  0:47  Assimilator  
  17  0:51  Probe  
  18  1:03  Probe  
  19  1:15  Probe  
  20  1:20  Nexus  
  20  1:30  Cybernetics Core  
  20  1:33  Probe  
  20  1:39  Assimilator  
  21  1:45  Probe  
  22  1:47  Pylon  
  22  1:57  Probe  
  23  2:03  Adept (Chrono Boost)  
  23  2:05  Probe  
  23  2:06  Warp Gate  
  24  2:13  Probe  
  25  2:22  Twilight Council  
  26  2:23  Probe  
  26  2:29  Stalker  
  29  2:32  Probe  
  29  2:36  Probe  
  31  2:42  Shield Battery  
  31  2:44  Probe  
  31  2:48  Probe  
  33  2:56  Probe  
  34  3:00  Probe  
  33  3:09  Probe  
  33  3:11  Stalker (Chrono Boost), Blink (Chrono Boost)  
  33  3:12  Probe  
  36  3:21  Probe  
  36  3:24  Probe  
  36  3:26  Gateway  
  38  3:30  Robotics Facility  
  38  3:33  Probe (Chrono Boost)  
  39  3:40  Probe (Chrono Boost)  
  40  3:44  Assimilator  
  40  3:45  Probe (Chrono Boost)  
  40  3:46  Assimilator  
  41  3:49  Pylon  
  41  3:52  Probe x2 (Chrono Boost)  
  41  3:55  Stalker  
  45  3:59  Probe  
  46  4:04  Pylon  
  46  4:07  Probe  
  47  4:11  Probe  
  48  4:19  Probe  
  48  4:23  Observer (Chrono Boost), Probe  
  50  4:25  Robotics Bay  
  50  4:27  Pylon  
  50  4:28  Stalker  
  52  4:32  Probe  
  52  4:35  Probe  
  52  4:36  Stalker  
  52  4:38  Observer (Chrono Boost)  
  58  4:45  Pylon  
  58  4:50  Nexus  
  57  4:54  Stalker  
  57  4:58  Probe x2  
  61  5:02  Charge (Chrono Boost)  
  61  5:09  Colossus (Chrono Boost)  
  61  5:10  Probe x2  
  69  5:22  Probe x2  
  70  5:30  Extended Thermal Lance  
  70  5:32  Pylon  
  70  5:34  Sentry, Probe  
  70  5:35  Probe  
  74  5:46  Probe  
  74  5:47  Probe  
  76  5:53  Colossus (Chrono Boost)  
  82  5:59  Probe x2  
  82  6:03  Probe  
  77  6:05  Stalker x2  
  77  6:11  Probe x2  
  80  6:15  Probe  
  81  6:25  Observer  
  81  6:27  Probe x3  
  81  6:29  Shield Battery  
  81  6:32  Stalker x2  
  88  6:41  Probe x2  
  88  6:43  Shield Battery  
  90  6:49  Colossus (Chrono Boost)  
  90  6:50  Probe  
  90  6:53  Probe x2  
  99  6:57  Observer  
  99  7:01  Forge  
  99  7:02  Forge, Pylon  
  99  7:05  Stalker  
  101  7:09  Pylon  
  101  7:20  Probe x3  
  101  7:22  Stalker  
  106  7:28  Gateway  
  106  7:29  Disruptor (Chrono Boost), Gateway  
  106  7:32  Gateway  
  106  7:34  Stalker  
  106  7:35  Pylon  
  106  7:36  Observer  
  111  7:44  Shield Battery  
  111  7:47  Protoss Ground Weapons Level 1 (Chrono Boost), Protoss Ground Armor Level 1 (Chrono Boost)  
  111  7:48  Pylon  
  111  7:55  Gateway x2  
  111  7:59  Zealot x2  
  111  8:00  Disruptor (Chrono Boost)  
  111  8:04  Pylon x2  
  118  8:08  Pylon  
  118  8:14  Pylon  
  118  8:16  Pylon  
  118  8:19  Zealot  
  120  8:20  Zealot  
  119  8:28  Nexus  
  117  8:36  Zealot x3  
  124  8:54  Stalker  
  124  8:55  Stalker x3  
  104  9:21  Zealot x7  
  104  9:23  Nexus, Robotics Facility  
  110  9:24  Robotics Facility  
  108  9:40  Probe x3  
  108  9:42  Protoss Ground Armor Level 2 (Chrono Boost), Assimilator  
  108  9:43  Dark Shrine, Assimilator  
  108  9:45  Zealot x6  
  115  9:46  Zealot  
  115  9:52  Protoss Ground Weapons Level 2 (Chrono Boost)  
  121  10:06  Zealot x2  
  121  10:07  Zealot x5  
  89  10:23  Immortal (Chrono Boost), Warp Prism (Chrono Boost)  
  92  10:28  Probe x3  
  92  10:29  Assimilator  
  92  10:31  Pylon  
  92  10:33  Stalker x7  
  108  10:38  Probe  
  108  10:40  Probe x2  
  111  10:44  Photon Cannon  
  111  10:50  Shield Battery  
  111  10:52  Photon Cannon  
  111  10:54  Disruptor (Chrono Boost), Observer (Chrono Boost)  
  115  10:57  Sentry x4  
  115  11:02  Zealot x3  
  129  11:08  Shadow Stride  
  125  11:21  Disruptor (Chrono Boost)  
  131  11:27  Zealot x2  
  131  11:28  Zealot x4, Stalker  
  131  11:31  Disruptor (Chrono Boost)  
  144  11:48  Zealot x6  
  144  11:49  Disruptor  
  146  11:59  Disruptor  
  137  12:04  Stalker  
  120  12:08  Stalker x3  
  120  12:09  Stalker x3  
  120  12:10  Observer  
  117  12:25  Protoss Ground Armor Level 3 (Chrono Boost)  
  117  12:26  Disruptor  
  117  12:27  Nexus  
  120  12:35  Disruptor, Protoss Ground Weapons Level 3 (Chrono Boost)  
  123  12:49  Dark Templar x2  
  126  12:53  Zealot x4  
  126  12:56  Dark Templar  
  136  13:04  Probe  
  137  13:11  Disruptor  
  136  13:22  Probe x3  
  139  13:34  Nexus  
  139  13:37  Zealot x6  
  149  13:42  Disruptor  
  149  13:47  Dark Templar  
  140  14:11  Stalker x2  
  140  14:12  Stalker x4  
  150  14:21  Probe x3  
  150  14:22  Probe  
  152  14:26  Warp Prism (Chrono Boost)  
  152  14:27  Observer (Chrono Boost)  
  151  14:33  Probe  
  151  14:38  Dark Templar x7  
  119  15:13  Stalker x6  
  127  15:18  Stalker x6  
  89  15:29  Robotics Facility  
  89  15:30  Robotics Facility  
  84  15:37  Stalker x3  
  84  15:40  Assimilator  
  88  15:43  Assimilator  
  88  15:46  Probe  
  88  15:47  Probe  
  88  15:49  Gateway  
  87  15:50  Gateway  
  87  15:52  Zealot x3  
  87  15:56  Nexus  
  84  16:03  Probe x3  
  73  16:15  Probe  
  78  16:42  Probe  
  78  16:45  Zealot x2  
  83  16:51  Pylon  
Show
View Real Time Build Order
Export as new Build Order

ByuN Terran - Winner!

Build Orders:  

Get SALT Encoding   

  12  0:00  SCV  
  13  0:12  SCV  
  14  0:17  Supply Depot  
  14  0:24  SCV  
  15  0:38  SCV  
  15  0:39  Barracks  
  16  0:43  Refinery  
  16  0:50  SCV  
  17  0:58  Barracks  
  17  1:03  SCV  
  18  1:15  SCV  
  19  1:26  Reaper  
  19  1:27  Orbital Command  
  20  1:46  Reaper  
  21  1:52  Supply Depot, SCV  
  22  2:02  Reaper  
  23  2:13  SCV  
  24  2:17  Command Center  
  24  2:21  Marine  
  24  2:22  Refinery  
  25  2:25  SCV  
  26  2:30  Supply Depot  
  26  2:34  Marine  
  27  2:38  SCV  
  27  2:39  Factory  
  28  2:50  SCV  
  29  2:52  Marine x2  
  31  3:02  SCV  
  31  3:14  SCV  
  31  3:18  Barracks Reactor  
  32  3:20  Barracks Tech Lab  
  32  3:24  Widow Mine  
  32  3:25  Starport  
  32  3:26  SCV  
  35  3:30  Orbital Command  
  35  3:38  SCV  
  36  3:45  Bunker, Widow Mine  
  38  3:53  Marine  
  38  3:54  Stimpack  
  40  3:56  SCV x2  
  40  3:57  Supply Depot, Marine  
  40  4:00  Marine  
  43  4:05  Medivac  
  43  4:07  Widow Mine  
  47  4:11  SCV  
  47  4:12  SCV  
  47  4:14  Marine  
  49  4:20  Marine  
  49  4:21  Marine  
  49  4:24  Engineering Bay, SCV x2  
  52  4:30  Supply Depot, Factory Tech Lab  
  52  4:32  Marine  
  52  4:36  SCV x2  
  55  4:38  Marine x2  
  55  4:40  Refinery, Starport Reactor  
  57  4:48  SCV x2, Siege Tank  
  57  4:51  Barracks  
  57  4:52  Marine  
  62  4:56  Marine x2  
  65  5:00  SCV x2  
  65  5:02  Supply Depot  
  65  5:05  Terran Infantry Weapons Level 1  
  67  5:12  SCV x2  
  69  5:14  Marine  
  70  5:21  Supply Depot  
  70  5:24  SCV x2, Marine x2  
  70  5:27  Siege Tank  
  76  5:35  Supply Depot, Refinery  
  78  5:39  Medivac  
  78  5:43  SCV x2, Barracks Tech Lab  
  78  5:46  Supply Depot  
  78  5:50  Marine x3  
  78  5:55  SCV x2  
  78  6:08  Siege Tank, Marine x2, Marauder  
  85  6:14  Medivac x2  
  85  6:17  Marauder  
  91  6:20  Supply Depot  
  85  6:28  Marine  
  85  6:29  Marine  
  85  6:30  Marauder  
  89  6:34  Command Center  
  89  6:39  Marauder  
  93  6:43  Siege Tank, Combat Shield  
  93  6:47  Barracks  
  94  6:48  Barracks  
  94  6:52  SCV x2  
  96  6:56  Concussive Shells, Marauder  
  96  6:58  Marine  
  96  7:00  Marauder, Marine  
  102  7:04  Supply Depot, Terran Infantry Armor Level 1  
  102  7:06  SCV x2  
  104  7:11  Medivac  
  106  7:18  SCV  
  106  7:19  SCV, Marine x2  
  110  7:26  Marauder x2  
  110  7:27  Supply Depot  
  114  7:30  SCV  
  114  7:31  SCV  
  116  7:37  Barracks Reactor, Barracks Tech Lab  
  116  7:40  Marine x2  
  116  7:43  SCV x2  
  116  7:48  Marauder x2, Siege Tank  
  116  7:50  SCV  
  124  7:55  SCV x2  
  125  7:59  Marine  
  125  8:00  Marauder, Marine  
  125  8:03  Orbital Command  
  129  8:07  SCV x2  
  129  8:12  Marauder x2  
  135  8:19  SCV  
  136  8:20  SCV, Siege Tank  
  136  8:24  Marauder  
  136  8:25  Marine x2  
  136  8:26  Marine  
  141  8:29  Marine  
  141  8:33  Marauder x2  
  145  8:40  Ghost Academy  
  145  8:41  SCV x3, Refinery x2  
  147  8:45  Marauder  
  149  8:52  Marine x2  
  149  8:53  Marine  
  149  8:55  SCV  
  149  8:56  Marine  
  149  8:57  SCV  
  149  8:58  SCV  
  149  9:09  Marauder  
  149  9:14  Marine x2  
  149  9:16  Marine x2  
  149  9:19  Siege Tank, Marauder x2  
  149  9:23  Ghost Academy  
  151  9:33  Marauder  
  151  9:35  Command Center, Marine x4  
  151  9:41  Marauder  
  151  9:42  Marauder  
  155  9:47  Supply Depot  
  155  9:48  Supply Depot x2  
  155  9:51  Liberator  
  155  9:57  Marauder  
  157  10:04  Marine x2  
  157  10:07  Marine x2  
  157  10:08  Liberator, Marauder  
  157  10:09  Siege Tank, Marauder  
  152  10:18  Marauder  
  132  10:22  Marine x2  
  132  10:24  Marine  
  133  10:28  Armory  
  133  10:29  Engineering Bay, Marine  
  133  10:30  Marauder x2  
  133  10:34  Medivac, Enhanced Shockwaves  
  140  10:39  Marine  
  140  10:40  SCV, Marauder, Marine  
  140  10:41  Missile Turret  
  145  10:43  Missile Turret  
  145  10:45  Marine  
  146  10:51  Medivac, Marauder  
  146  10:52  SCV, Marauder  
  146  10:53  SCV  
  146  10:55  SCV  
  155  10:59  Marine x3  
  155  11:03  Marine  
  161  11:04  Medivac  
  161  11:09  SCV x2  
  165  11:13  SCV  
  165  11:17  Marauder, Ghost x2  
  170  11:21  SCV  
  168  11:32  Marine x4  
  172  11:33  Terran Infantry Weapons Level 2  
  172  11:34  Terran Infantry Armor Level 2  
  172  11:37  Ghost  
  172  11:47  Marauder x2  
  167  11:58  Marine x2  
  167  11:59  Marine x2  
  141  12:01  Medivac x2  
  141  12:06  Orbital Command, Ghost  
  141  12:08  Marauder x2  
  149  12:10  Barracks  
  149  12:11  Barracks x2  
  142  12:16  Marine x2  
  142  12:20  Marine x2  
  125  12:23  Siege Tank  
  125  12:28  Barracks  
  125  12:29  Marauder  
  132  12:30  Marauder  
  132  12:31  Viking x2  
  132  12:33  Sensor Tower, Terran Ship Weapons Level 1  
  132  12:34  Marine x2  
  132  12:35  Marauder  
  140  12:38  Marine x2  
  140  12:40  Sensor Tower  
  142  12:51  Marauder x2  
  146  12:54  Marine x2  
  146  12:55  Missile Turret  
  146  12:56  Siege Tank, Marine x2  
  146  12:57  Marauder  
  155  12:58  Barracks Reactor  
  155  12:59  Barracks Tech Lab  
  155  13:12  Marauder x2  
  157  13:13  Viking x2  
  157  13:17  Marauder  
  157  13:18  Marauder  
  165  13:22  Marine  
  165  13:23  Marine  
  165  13:25  Marine x2  
  169  13:29  Sensor Tower  
  169  13:33  SCV  
  169  13:34  SCV, Marauder x2  
  171  13:39  Marauder x2, Marine x2  
  177  13:45  Barracks Tech Lab  
  177  13:52  Marine  
  177  13:54  Ghost  
  177  13:55  Marauder  
  182  14:00  Marauder  
  182  14:01  Marauder  
  183  14:03  Marauder  
  177  14:10  SCV  
  177  14:11  SCV x2  
  177  14:13  SCV  
  177  14:16  Marauder  
  180  14:22  SCV, Marauder  
  180  14:23  Marauder  
  180  14:24  Marauder, Ghost  
  184  14:27  Marine x2  
  184  14:28  Marine  
  187  14:33  SCV x2  
  187  14:38  Marauder, Marine x2  
  189  14:39  Marine  
  189  14:43  Marauder  
  189  14:45  Marauder x2  
  192  14:53  Marauder  
  192  14:59  Marauder  
  151  15:03  Marine x2  
  151  15:04  Marauder, Marine x2  
  151  15:06  Marauder x2  
  154  15:08  Marine x2  
  143  15:15  Marauder  
  143  15:21  Marauder, Marine x2  
  139  15:22  Marine, Orbital Command  
  139  15:26  Marauder  
  139  15:28  Marauder x2  
  148  15:29  Marine  
  148  15:31  Marine  
  129  15:36  Marauder  
  129  15:37  Marine  
  129  15:39  Marine  
  129  15:42  Marauder  
  134  15:43  Marine  
  116  15:57  SCV  
  116  16:00  SCV x2  
  116  16:02  Marauder  
  116  16:04  SCV  
  110  16:12  SCV  
  110  16:13  SCV  
  110  16:15  SCV  
  111  16:21  SCV  
  114  16:25  Marauder  
  112  16:33  SCV x2  
  118  16:43  SCV x2  
  118  16:46  SCV  
Tags
 
Add a new tag
Caveats
  • Supply blocks, unpowered buildings, or Contaminate may cause inaccurate times.
  • Supply counts are checked every 10 seconds.